[Event "Titled Tuesday Blitz August 17 2021"]
[White "Taichman, Ori"]
[Black "Moskalenko, Alexander"]
[WhiteFideId "2804069"]
[BlackFideId "4155351"]
[WhiteElo "2227"]
[BlackElo "2495"]
[Result "1/2-1/2"]
[Round "03"]
[TimeControl "180+1"]
[Date "2021.08.17"]
[WhiteClock "0:00:10"]
[BlackClock "0:00:16"]

1. e4 e6 2. d4 d5 3. Nc3 Nf6 4. Bg5 dxe4 5. Nxe4 Be7 6. Bxf6 gxf6 7. Nf3 a6 8. Bd3 b5 9. Qd2 Bb7 10. O-O-O f5 11. Ng3 Bxf3 12. gxf3 Qd5 13. Qh6 Nc6 14. Bxf5 exf5 15. Nxf5 O-O-O 16. Qxc6 Qxf5 17. Rhe1 Qf4+ 18. Kb1 Qd6 19. Qa8+ Kd7 20. Qe4 Rde8 21. Qf5+ Kc6 22. Qxf7 Qd7 23. d5+ Kb7 24. d6 cxd6 25. Qd5+ Kb8 26. a4 Bf6 27. axb5 Rxe1 28. Rxe1 axb5 29. Re6 Be7 30. Qe4 Bd8 31. f4 Rg8 32. f5 Rg1+ 33. Ka2 Rf1 34. Re8 Rxf2 35. Qe3 Rxf5 36. Qb6+ Kc8 37. Qa6+ Kc7 38. Qa7+ Kc6 39. Qa8+ Kc7 40. Qa7+ Kc6 41. Qa8+ Qb7 42. Qxb7+ Kxb7 43. Rxd8 Rf2 44. Rd7+ Kc6 45. Rxh7 Rxc2 46. Kb3 Rg2 47. h4 Rg3+ 48. Kc2 Kc5 49. h5 d5 50. h6 Rh3 51. Rc7+ Kd6 52. Rb7 Kc6 53. Rh7 b4 54. Rh8 Kc5 55. h7 Kd4 56. b3 Rh2+ 57. Kc1 Kd3 58. Kb1 d4 59. Kc1 Rh4 60. Kb2 Rh2+ 61. Kc1 Rh6 62. Kb2 Rh1 63. Ka2 Rh2+ 64. Kb1 Kd2 65. Rd8 Rxh7 66. Rxd4+ Kc3 67. Rc4+ Kxb3 68. Rc1 Rh3 69. Rg1 Rd3 70. Ka1 Ka3 71. Kb1 Kb3 72. Rf1 Re3 73. Rh1 Rd3 74. Rg1 Ka3 75. Rh1 b3 76. Rg1 Rc3 77. Rh1 Rg3 78. Rf1 Rh3 79. Re1 Kb4 80. Re4+ Kc3 81. Re1 Rh2 82. Rg1 Rf2 83. Rg3+ Kb4 84. Rg4+ Ka3 85. Rg1 Ra2 86. Rh1 Rg2 87. Rf1 Rg3 88. Rh1 Rc3 89. Rg1 b2 90. Rh1 Kb3 91. Rg1 Rc7 92. Rg3+ Rc3 93. Rg1 Rd3 94. Rh1 Re3 95. Rh3 Rc3 96. Rh1 Ka3 97. Rg1 Rh3 98. Rf1 Rg3 99. Re1 Rc3 100. Rf1 Rh3 101. Re1 Rc3 102. Rf1 Rc1+ 103. Rxc1 bxc1=Q+ 104. Kxc1 1/2-1/2


[Site "https://www.chess.com"]

[Event "Titled Tuesday Blitz August 17 2021"]
[White "Tang, Andrew"]
[Black "Firat, Burak"]
[WhiteFideId "2059630"]
[BlackFideId "6305881"]
[WhiteElo "2588"]
[BlackElo "2531"]
[Result "1-0"]
[Round "03"]
[TimeControl "180+1"]
[Date "2021.08.17"]
[WhiteClock "0:00:21"]
[BlackClock "0:00:12"]

1. d4 Nf6 2. Bf4 c5 3. d5 d6 4. Nc3 e5 5. Bd2 e4 6. e3 h5 7. Nh3 Bxh3 8. gxh3 Qe7 9. Bg2 g6 10. Qe2 Nbd7 11. Qc4 Nb6 12. Qb5+ Nbd7 13. Qxb7 Rb8 14. Qc6 Bg7 15. Nb5 O-O 16. Qxd6 Qd8 17. a4 Ne8 18. Qa6 Nc7 19. Qa5 Nb6 20. Bxe4 Bxb2 21. Rb1 Bg7 22. Nxc7 Qxc7 23. Bg2 Nc4 24. Qxc7 Rxb1+ 25. Ke2 Rb2 26. Be4 Nxd2 27. Kxd2 c4 28. d6 Be5 29. f4 Bf6 30. Qxc4 Rd8 31. Ke2 Rxd6 32. Bxg6 Kg7 33. Qxf7+ 1-0


[Site "https://www.chess.com"]

[Event "Titled Tuesday Blitz August 17 2021"]
[White "Tari, Aryan"]
[Black "Sengupta, Deep"]
[WhiteFideId "1510045"]
[BlackFideId "5008352"]
[WhiteElo "2656"]
[BlackElo "2347"]
[Result "1-0"]
[Round "03"]
[TimeControl "180+1"]
[Date "2021.08.17"]
[WhiteClock "0:00:18"]
[BlackClock "0:00:02"]

1. e4 c5 2. Nc3 Nc6 3. f4 g6 4. Nf3 Bg7 5. Bb5 d6 6. Bxc6+ bxc6 7. d3 Nf6 8. h3 O-O 9. O-O Ne8 10. Qe1 Rb8 11. b3 Nc7 12. e5 Ne6 13. Be3 d5 14. Na4 c4 15. dxc4 d4 16. Rd1 c5 17. c3 Bd7 18. cxd4 Bxa4 19. bxa4 cxd4 20. Nxd4 Nxd4 21. Rxd4 Qc7 22. Qc3 Rfc8 23. c5 Qc6 24. Rfd1 Bf8 25. Rd7 a6 26. Qc4 Rb2 27. R7d2 Rcb8 28. e6 fxe6 29. Rxb2 Rxb2 30. Rd2 Rb1+ 31. Kh2 Kf7 32. Rf2 Bg7 33. f5 Bf6 34. fxg6+ hxg6 35. Bf4 Kg7 36. Bg3 e5 37. Rd2 Rb8 38. Qd5 Rc8 39. Qxc6 Rxc6 40. Bf2 Kf7 41. Kg3 Ke6 42. Kf3 Bg5 43. Rd1 Kf5 44. g4+ Ke6 45. Ke4 Bf4 46. Rb1 Kd7 47. Rb7+ Rc7 48. Rxc7+ Kxc7 49. Kd5 e4 50. Kxe4 Bc1 51. Kd5 Kd7 52. c6+ Kd8 53. Bg3 Ba3 54. Ke6 Kc8 55. h4 Bb4 56. h5 gxh5 57. gxh5 1-0


[Site "https://www.chess.com"]

[Event "Titled Tuesday Blitz August 17 2021"]
[White "Temirkanov, David"]
[Black "Gelman, Alexander"]
[WhiteFideId "4168534"]
[BlackFideId "4118316"]
[WhiteElo "2125"]
[BlackElo "2375"]
[Result "1-0"]
[Round "03"]
[TimeControl "180+1"]
[Date "2021.08.18"]
[WhiteClock "0:00:12"]
[BlackClock "0:00:06"]

1. e4 c5 2. Nf3 e6 3. c4 d6 4. d4 cxd4 5. Nxd4 Nf6 6. Nc3 a6 7. Be2 b6 8. O-O Bb7 9. f3 Nbd7 10. Be3 Rc8 11. Qd2 h6 12. Rad1 g5 13. b3 Rg8 14. Bd3 Ne5 15. Bb1 Nfd7 16. Kh1 h5 17. f4 gxf4 18. Bxf4 Qh4 19. Nd5 Rd8 20. Rde1 Rc8 21. Nf5 exf5 22. exf5 Bxd5 23. Qxd5 Qd8 24. Qd1 h4 25. Qh5 Qf6 26. Be4 Rh8 27. Qe2 h3 28. g3 Rc7 29. Bd5 Be7 30. Qd2 Kf8 31. Qe2 Nc5 32. g4 Rh4 33. g5 Qxf5 34. Bg3 Qxg5 35. Bxe5 Qxe5 36. Rxf7+ Ke8 37. Qf1 Ne4 38. Rf5 Qd4 39. Rf4 Nf2+ 40. Rxf2 b5 41. Rf8+ Kd7 42. Rxe7+ Kxe7 43. Qf7# 1-0


[Site "https://www.chess.com"]

[Event "Titled Tuesday Blitz August 17 2021"]
[White "Terry, Renato"]
[Black "Baches Garcia, Guillermo"]
[WhiteFideId "3803457"]
[BlackFideId "2209764"]
[WhiteElo "2581"]
[BlackElo "2467"]
[Result "1-0"]
[Round "03"]
[TimeControl "180+1"]
[Date "2021.08.17"]
[WhiteClock "0:00:44"]
[BlackClock "0:00:09"]

1. e4 c5 2. Nf3 d6 3. Bb5+ Bd7 4. Bxd7+ Qxd7 5. O-O Nf6 6. Re1 Nc6 7. c3 e6 8. d4 cxd4 9. cxd4 d5 10. e5 Ne4 11. a3 Be7 12. Qd3 O-O 13. Nbd2 Nxd2 14. Bxd2 Rfc8 15. h4 Rc7 16. h5 h6 17. Nh2 Bf8 18. Ng4 Ne7 19. Bxh6 Nf5 20. Bd2 Qc6 21. Rac1 Qb6 22. Rxc7 Qxc7 23. Ne3 Nxe3 24. Rxe3 Qc4 25. Bc3 b5 26. Qd2 Rb8 27. Rg3 b4 28. Bxb4 Bxb4 29. axb4 Qxb4 30. Qg5 Qf8 31. b3 Kh7 32. Rf3 Rb4 33. Qf4 a5 34. g4 a4 35. bxa4 Rxa4 36. g5 Kg8 37. g6 Ra7 38. Qg4 Qe8 39. Kg2 fxg6 40. hxg6 Ra4 41. Qh5 1-0


[Site "https://www.chess.com"]

[Event "Titled Tuesday Blitz August 17 2021"]
[White "Tsaruk, Maksim"]
[Black "Bobkov, Vadim"]
[WhiteFideId "13511173"]
[BlackFideId "34110876"]
[WhiteElo "2184"]
[BlackElo "2117"]
[Result "0-1"]
[Round "03"]
[TimeControl "180+1"]
[Date "2021.08.17"]
[WhiteClock "0:00:04"]
[BlackClock "0:01:11"]

1. c4 e6 2. d4 d5 3. Nf3 Nf6 4. g3 dxc4 5. Bg2 b5 6. O-O Bb7 7. a4 a6 8. b3 cxb3 9. Qxb3 b4 10. a5 Nbd7 11. Bd2 Rb8 12. Rc1 Be7 13. Ne1 Bxg2 14. Kxg2 O-O 15. Nd3 Rb5 16. f3 c5 17. dxc5 Nxc5 18. Nxc5 Bxc5 19. Ra2 h5 20. Rac2 Be7 21. Rc7 Nd5 22. R7c6 Qxa5 23. e4 Nc3 24. Nxc3 bxc3 25. Qxc3 Bb4 26. Qd3 Bxd2 27. R1c2 Bb4 28. Rc7 Qa3 29. Qd7 Bd6 30. Ra7 Rb2 31. Rxb2 Qxb2+ 32. Kh3 Bc5 33. Qd1 Bxa7 0-1


[Site "https://www.chess.com"]

[Event "Titled Tuesday Blitz August 17 2021"]
[White "Turner, Max N"]
[Black "Maximov, Dmitry"]
[WhiteFideId "447722"]
[BlackFideId "14105659"]
[WhiteElo "2078"]
[BlackElo "2494"]
[Result "0-1"]
[Round "03"]
[TimeControl "180+1"]
[Date "2021.08.17"]
[WhiteClock "0:00:07"]
[BlackClock "0:00:07"]

1. d4 Nf6 2. c4 g6 3. g3 Bg7 4. Bg2 O-O 5. Nc3 d6 6. Nf3 Nbd7 7. O-O e5 8. h3 c6 9. e4 Re8 10. d5 cxd5 11. cxd5 Nc5 12. Re1 a5 13. Qc2 Bd7 14. Be3 Rc8 15. Nd2 b5 16. Bxc5 Rxc5 17. Qd1 b4 18. Ne2 Qb6 19. Nc1 Rec8 20. Nd3 R5c7 21. b3 Bb5 22. Nb2 Rc3 23. Nbc4 Qc5 24. Rc1 Bh6 25. Rc2 Kg7 26. Re2 Rxc2 27. Qxc2 Bxd2 28. Qxd2 Bxc4 29. bxc4 Qxc4 30. f4 Nd7 31. Kh2 Qc3 32. Qd1 h5 33. Rf2 h4 34. gxh4 exf4 35. Rxf4 Qe5 36. Qf1 Nf6 37. Kh1 Rc2 38. h5 gxh5 39. Rf5 Qc3 40. Qf4 Qe1+ 41. Kh2 Rxg2+ 42. Kxg2 Qxe4+ 43. Qxe4 Nxe4 44. Rxh5 Nc3 45. Rg5+ Kf6 46. Rg3 Nxa2 47. Rf3+ Ke7 48. h4 Nc3 49. h5 Kf8 50. Rg3 Ne4 51. h6 Nxg3 0-1


[Site "https://www.chess.com"]

[Event "Titled Tuesday Blitz August 17 2021"]
[White "Urazayev, Arystanbek"]
[Black "Lee, Qing Aun"]
[WhiteFideId "13709810"]
[BlackFideId "5804167"]
[WhiteElo "2784"]
[BlackElo "2544"]
[Result "1-0"]
[Round "03"]
[TimeControl "180+1"]
[Date "2021.08.17"]
[WhiteClock "0:00:10"]
[BlackClock "0:00:17"]

1. c4 Nf6 2. Nc3 e6 3. d4 d5 4. Nf3 Be7 5. g3 O-O 6. Bg2 Nbd7 7. O-O c6 8. b3 Ne4 9. Nxe4 dxe4 10. Ne5 f5 11. Bb2 Bf6 12. f3 exf3 13. Nxf3 Qe7 14. Qd2 e5 15. d5 cxd5 16. Qxd5+ Kh8 17. Rad1 e4 18. Bxf6 Nxf6 19. Qe5 Qxe5 20. Nxe5 Be6 21. c5 Rac8 22. Rd6 Rfe8 23. b4 Nd5 24. Bh3 Ne3 25. Rc1 Bxa2 26. Nd7 Be6 27. b5 Nc4 28. Rxe6 Rxe6 29. Rxc4 g6 30. g4 Re7 31. c6 bxc6 32. bxc6 f4 33. g5 Kg7 34. Nf6 Rcc7 35. Nd5 f3 36. Nxe7 fxe2 37. Kf2 Rxe7 38. c7 1-0


[Site "https://www.chess.com"]

[Event "Titled Tuesday Blitz August 17 2021"]
[White "Vasli, Aref"]
[Black "Timmermans, Mark"]
[WhiteFideId "417521"]
[BlackFideId "1026399"]
[WhiteElo "2257"]
[BlackElo "2460"]
[Result "0-1"]
[Round "03"]
[TimeControl "180+1"]
[Date "2021.08.17"]
[WhiteClock "0:00:06"]
[BlackClock "0:00:16"]

1. e4 e5 2. Nf3 Nc6 3. Bb5 f5 4. d3 fxe4 5. dxe4 Nf6 6. O-O d6 7. Qd3 Be7 8. a3 O-O 9. Bc4+ Kh8 10. Ng5 Qe8 11. Ne6 Bxe6 12. Bxe6 Qg6 13. Bf5 Qf7 14. Be3 Nh5 15. g3 Bf6 16. Nc3 g6 17. Bg4 Ng7 18. Nd5 h5 19. Bh3 Kh7 20. f4 Ne8 21. c3 Qg7 22. Rf2 Ne7 23. Raf1 Rd8 24. fxe5 dxe5 25. Rxf6 Nxf6 26. Nxf6+ Kh8 27. Nd7 Rxf1+ 28. Qxf1 Ng8 29. Qb5 a6 30. Qxb7 Rxd7 31. Bxd7 Qxd7 32. Qxa6 Qd1+ 33. Qf1 Qc2 34. Bg5 Qxb2 35. Bf6+ Kh7 36. Bxe5 Nh6 37. Bd4 c5 38. Be5 Qc2 39. h3 Qxe4 40. Bf4 Nf7 41. Qg2 Qb1+ 42. Kh2 Qb3 43. Qe2 Qxa3 44. c4 Qb3 45. h4 Kg7 46. Be5+ Kh7 47. Ba1 Qa3 48. Qf1 Qa2+ 49. Kh3 Kg8 50. Qf6 Kf8 51. Qg7+ Ke8 52. Qg8+ Ke7 53. Bg7 Qxc4 54. Qf8+ Kd7 55. Bf6 Qe6+ 56. Kh2 Qxf6 57. Qxc5 Ne5 58. Qd5+ Qd6 59. Qe4 Ng4+ 60. Kg2 Qd2+ 0-1


[Site "https://www.chess.com"]

[Event "Titled Tuesday Blitz August 17 2021"]
[White "Vlassov, Nikolai"]
[Black "Kazakov, Mikhail"]
[WhiteFideId "4103360"]
[BlackFideId "14102749"]
[WhiteElo "2407"]
[BlackElo "2373"]
[Result "1-0"]
[Round "03"]
[TimeControl "180+1"]
[Date "2021.08.18"]
[WhiteClock "0:00:11"]
[BlackClock "0:00:04"]

1. e4 e5 2. Bc4 Nf6 3. d3 Nc6 4. Nf3 Be7 5. O-O O-O 6. Re1 d6 7. a4 Na5 8. Ba2 c5 9. c3 Nc6 10. Bd2 Kh8 11. b4 b6 12. b5 Na5 13. d4 Bg4 14. dxe5 dxe5 15. h3 Bxf3 16. Qxf3 c4 17. Bg5 h6 18. Rd1 Qc7 19. Bxf6 Bxf6 20. Nd2 Rad8 21. Nf1 Bg5 22. g3 Kg8 23. h4 Be7 24. Ne3 Bc5 25. Nd5 Qd6 26. Rd2 Qg6 27. Rad1 Kh8 28. Bb1 Nb3 29. Rb2 Rd6 30. Kg2 Rfd8 31. Qe2 Na5 32. Ba2 f5 33. Bxc4 Nxc4 34. Qxc4 fxe4 35. Qb3 e3 36. f3 Qf7 37. c4 Bd4 38. Re2 Rc8 39. Nxe3 Rg6 40. Ng4 Qf5 41. Qd3 Qxd3 42. Rxd3 Rxc4 43. Nxe5 Bxe5 44. Rxe5 Rxa4 45. h5 Rf6 46. f4 Ra2+ 47. Kf3 Rf7 48. Rd8+ Kh7 49. Ree8 g5 50. Rh8+ Kg7 51. Rdg8+ Kf6 52. Rxh6+ Ke7 53. Rxg5 Rb2 54. Re5+ Kd7 55. Rh8 Rb1 56. Ra8 Ra1 57. h6 Kd6 58. Rh5 Rh7 59. g4 Rb1 60. Ke4 Rb4+ 61. Ke3 Rb3+ 62. Kd2 Rb4 63. g5 Rxf4 64. g6 Rd7 65. h7 Ke6+ 66. Ke3 Rdd4 67. Re8+ Kd7 68. h8=Q Kd6 69. Qxd4+ Rxd4 70. Kxd4 1-0


[Site "https://www.chess.com"]

[Event "Titled Tuesday Blitz August 17 2021"]
[White "Volkov, Maksim"]
[Black "Pridorozhni, Aleksei"]
[WhiteFideId "54123070"]
[BlackFideId "4127870"]
[WhiteElo "2113"]
[BlackElo "2565"]
[Result "0-1"]
[Round "03"]
[TimeControl "180+1"]
[Date "2021.08.17"]
[WhiteClock "0:00:03"]
[BlackClock "0:00:13"]

1. d4 d5 2. c4 e6 3. Nf3 c6 4. g3 Nf6 5. Bg2 dxc4 6. O-O b5 7. a4 Bb7 8. Ne5 a6 9. b3 cxb3 10. e3 Be7 11. Qxb3 O-O 12. a5 Nd5 13. Nd3 Nd7 14. e4 N5f6 15. Be3 Ng4 16. Rc1 Nxe3 17. fxe3 Rc8 18. e5 Rc7 19. Nd2 c5 20. Bxb7 Rxb7 21. dxc5 Rc7 22. Ne4 Nb8 23. Nd6 Nc6 24. Qc3 Qb8 25. Nb4 Nxb4 26. Qxb4 Qa8 27. e4 Qc6 28. Rc3 Qd7 29. Rf1 f6 30. exf6 Rxf6 31. Rcf3 Rxf3 32. Rxf3 Qc6 33. Rc3 Bxd6 34. cxd6 Qxc3 35. dxc7 Qxc7 36. Kg2 Kf7 37. Kh3 h6 38. Qa3 Ke8 39. Qb4 Qd7 40. Qc5 Kf7 41. Qb6 Qc8 42. e5 Kg6 43. Kg4 Qc4+ 44. Kf3 b4 45. Qb8 b3 46. Qe8+ Kh7 47. Qc8 Qxc8 0-1


[Site "https://www.chess.com"]

[Event "Titled Tuesday Blitz August 17 2021"]
[White "Wagh Suyog"]
[Black "Nakamura, Hikaru"]
[WhiteFideId "25071688"]
[BlackFideId "2016192"]
[WhiteElo "2219"]
[BlackElo "2900"]
[Result "0-1"]
[Round "03"]
[TimeControl "180+1"]
[Date "2021.08.17"]
[WhiteClock "0:00:35"]
[BlackClock "0:02:09"]

1. d4 g6 2. c4 Bg7 3. g3 d6 4. Bg2 Nc6 5. Nf3 Bd7 6. O-O Qc8 7. Re1 Bh3 8. Bh1 h5 9. Nc3 h4 10. e4 hxg3 11. hxg3 Bg4 12. Be3 e5 13. d5 Nd4 14. Bxd4 exd4 15. Nb5 a6 16. Na3 Ne7 17. Qd3 c5 18. dxc6 Nxc6 19. Bg2 Bxf3 20. Qxf3 Ne5 21. Qd1 d3 22. Qd2 Qc5 23. Rad1 Rc8 24. Re3 Bh6 25. f4 Ng4 26. Re1 Nxe3 27. Rxe3 g5 0-1


[Site "https://www.chess.com"]

[Event "Titled Tuesday Blitz August 17 2021"]
[White "Wagner, Dennis"]
[Black "Manukyan, Sargis A."]
[WhiteFideId "24650684"]
[BlackFideId "13303970"]
[WhiteElo "2355"]
[BlackElo "2187"]
[Result "1-0"]
[Round "03"]
[TimeControl "180+1"]
[Date "2021.08.17"]
[WhiteClock "0:00:42"]
[BlackClock "0:01:22"]

1. d4 d5 2. c4 e6 3. Nf3 Nf6 4. Bg5 Be7 5. e3 O-O 6. Qc2 h6 7. Bxf6 Bxf6 8. Nc3 b6 9. h4 g6 10. O-O-O Bb7 11. cxd5 exd5 12. Ne5 c5 13. f4 cxd4 14. exd4 Nc6 15. h5 g5 16. a3 Rc8 17. Kb1 gxf4 18. Qf5 Kg7 19. Bd3 Rh8 20. Nxf7 Ne7 21. Nxd8 Nxf5 22. Ne6+ Kf7 23. Bxf5 Rcg8 24. Nxf4 Rg5 25. Be6+ Ke8 26. Bxd5 Bxd5 27. Ncxd5 Bd8 28. Rhe1+ Kd7 29. Ng6 Rg8 30. Ndf4 Rf5 31. Re4 Bg5 32. g3 Bxf4 33. gxf4 Rxh5 34. Ne5+ Kd6 35. d5 Rf5 36. Nc4+ Kd7 37. d6 Rgf8 38. Ne5+ Kd8 39. d7 1-0


[Site "https://www.chess.com"]

[Event "Titled Tuesday Blitz August 17 2021"]
[White "Woodward, Andy"]
[Black "Chigaev, Maksim"]
[WhiteFideId "30953499"]
[BlackFideId "4108116"]
[WhiteElo "2137"]
[BlackElo "2579"]
[Result "0-1"]
[Round "03"]
[TimeControl "180+1"]
[Date "2021.08.17"]
[WhiteClock "0:00:15"]
[BlackClock "0:00:14"]

1. d4 Nf6 2. c4 g6 3. Nc3 d5 4. cxd5 Nxd5 5. e4 Nxc3 6. bxc3 Bg7 7. Nf3 c5 8. Rb1 O-O 9. Be2 b6 10. O-O Bb7 11. d5 Bxc3 12. Bc4 Nd7 13. Bh6 Bg7 14. Bxg7 Kxg7 15. e5 f6 16. Re1 fxe5 17. Ng5 Rf6 18. Ne6+ Rxe6 19. dxe6 Nf6 20. Qxd8 Rxd8 21. Rbd1 Rd4 22. Bb3 Ne4 23. f3 Nd2 24. Bc2 Kf6 25. Re2 Nc4 26. Rde1 Bd5 27. Bb3 Bxe6 28. g4 g5 29. Bxc4 Bxc4 30. Rxe5 e6 31. h4 h6 32. hxg5+ hxg5 33. R5e3 a5 34. a3 a4 35. Kf2 b5 36. Rh1 Bd5 37. Rh6+ Kf7 38. Rh5 b4 39. Rh7+ Kg6 40. Rc7 Rd2+ 41. Kg3 b3 42. Rxc5 b2 43. Rb5 Bb3 44. Rexb3 axb3 45. Rxb3 e5 46. a4 e4 47. a5 e3 48. a6 e2 49. Kf2 Rd1 50. Rb6+ Kf7 51. Rb7+ Ke6 52. Rb6+ Kd7 53. Kxe2 b1=Q 54. Rxb1 Rxb1 55. Ke3 Rb4 56. a7 Ra4 57. a8=Q Rxa8 58. Ke4 Ke6 59. f4 Ra4+ 60. Kf3 Rxf4+ 61. Kg3 Ke5 62. Kh3 Rf3+ 63. Kg2 Kf4 64. Kg1 Kxg4 65. Kh2 Rf2+ 66. Kg1 Kg3 67. Kh1 Rf1# 0-1


[Site "https://www.chess.com"]

[Event "Titled Tuesday Blitz August 17 2021"]
[White "Yashas, D."]
[Black "Seo, Jung Min"]
[WhiteFideId "5030196"]
[BlackFideId "1734687"]
[WhiteElo "2221"]
[BlackElo "2486"]
[Result "1-0"]
[Round "03"]
[TimeControl "180+1"]
[Date "2021.08.17"]
[WhiteClock "0:01:15"]
[BlackClock "0:01:37"]

1. b3 b6 2. Bb2 Bb7 3. e3 e6 4. Nf3 Nf6 5. Be2 g6 6. O-O Bg7 7. c4 O-O 8. d4 d6 9. Nc3 c5 10. Qc2 Nbd7 11. Rfd1 Qe7 12. Rd2 Rfd8 13. Rad1 a6 14. h3 Rac8 15. Qb1 cxd4 16. Nxd4 Nc5 17. Bf3 d5 18. cxd5 Nxd5 19. Nxd5 Bxd5 20. Bxd5 Rxd5 21. Nf3 Rxd2 22. Rxd2 Bxb2 23. Qxb2 Rd8 24. Ne5 Rxd2 25. Qxd2 Qc7 26. Qd4 h5 27. g4 hxg4 28. Nxg4 f5 29. Ne5 Qe7 30. h4 Kh7 31. Nf3 Ne4 32. Qxb6 g5 33. Nxg5+ Nxg5 34. hxg5 Qxg5+ 35. Kf1 Qg4 36. Qb7+ Kh8 37. Qh1+ 1-0


[Site "https://www.chess.com"]

[Event "Titled Tuesday Blitz August 17 2021"]
[White "sganerdene"]
[Black "Onyshchuk, Volodymyr"]
[BlackFideId "14114038"]
[WhiteElo "2654"]
[BlackElo "2603"]
[Result "0-1"]
[Round "03"]
[TimeControl "180+1"]
[Date "2021.08.17"]
[WhiteClock "0:00:05"]
[BlackClock "0:00:16"]

1. e4 e5 2. Nf3 Nc6 3. Nc3 Nf6 4. Bb5 Bc5 5. O-O d6 6. d4 exd4 7. Nxd4 Bd7 8. Nb3 Bb6 9. Bg5 h6 10. Bxf6 Qxf6 11. Nd5 Qd8 12. a4 a6 13. Nxb6 cxb6 14. Bxc6 Bxc6 15. Nd4 O-O 16. Re1 Re8 17. Qd3 Qf6 18. c3 Bd7 19. Nc2 Rac8 20. Ne3 Bc6 21. Nc4 b5 22. Nxd6 Red8 23. e5 Qg5 24. f3 bxa4 25. Qc4 Rc7 26. Qg4 Qxg4 27. fxg4 f6 28. Nf5 fxe5 29. Rxe5 Rd2 30. Ne7+ Kh7 31. Nxc6 Rxc6 32. Rxa4 Rxb2 33. Rb4 Rxb4 34. cxb4 Rc4 35. b5 Rxg4 36. bxa6 bxa6 37. Ra5 Rg6 38. Kf2 Re6 39. Kf3 Kg6 40. g4 Kf6 41. h4 Ke7 42. g5 h5 43. Kf4 g6 44. Ra4 Kd7 45. Ra1 Kc7 46. Rc1+ Kb7 47. Rb1+ Rb6 48. Ra1 Rb5 49. Re1 a5 50. Re7+ Ka6 51. Re8 Rb6 52. Ke5 a4 53. Kd4 Kb5 54. Ra8 Kb4 55. Re8 a3 56. Re1 a2 0-1


[Site "https://www.chess.com"]

[Event "Titled Tuesday Blitz August 17 2021"]
[White "Abdulla, Murad"]
[Black "Rastbod, Ali"]
[WhiteFideId "2403757"]
[BlackFideId "12567477"]
[WhiteElo "2125"]
[BlackElo "2226"]
[Result "0-1"]
[Round "04"]
[TimeControl "180+1"]
[Date "2021.08.17"]
[WhiteClock "0:00:10"]
[BlackClock "0:00:10"]

1. e4 e6 2. d4 d5 3. Nd2 Nc6 4. Ngf3 Nf6 5. e5 Nd7 6. c3 f6 7. exf6 Qxf6 8. Bd3 Bd6 9. O-O O-O 10. Re1 h6 11. Nf1 e5 12. dxe5 Ndxe5 13. Be2 Be6 14. Ne3 Qf7 15. Rf1 Rad8 16. Nxe5 Nxe5 17. f4 Nc4 18. Nc2 Bf5 19. Nd4 Be4 20. b3 Nb6 21. f5 Bc5 22. Kh1 Bxd4 23. Qxd4 Bxf5 24. Ba3 Rfe8 25. Bd3 g6 26. Bxf5 gxf5 27. Rf3 Re4 28. Rg3+ Kh7 29. Qd2 Rg8 30. Rf3 Qg6 31. Raf1 Re5 32. Bc1 Nc8 33. Rg3 Qe6 34. Rxg8 Kxg8 35. Qxh6 Qxh6 36. Bxh6 c6 37. h4 Kh7 38. Bf4 Re4 39. Rf3 Ne7 40. g3 Kg6 41. Bg5 Nc8 42. a4 Nd6 43. Kg2 Nf7 44. Bf4 Nd8 45. Kh3 Ne6 46. Bd2 c5 47. Bf4 a6 48. Bd6 b5 49. axb5 axb5 50. Bf4 c4 51. bxc4 dxc4 52. Bd6 Re2 53. Bb4 Re4 54. Bd6 Nd8 55. Bf4 Nf7 56. g4 fxg4+ 57. Kxg4 Ne5+ 58. Kg3 Nxf3 59. Kxf3 Kf5 60. Bd6 Rxh4 61. Bb4 Rh3+ 62. Ke2 Rd3 63. Ba5 Ke4 64. Bb4 Rh3 65. Kd2 Rh2+ 66. Ke1 Kd3 67. Ba5 Rc2 68. Bb4 Rxc3 69. Bxc3 Kxc3 0-1


[Site "https://www.chess.com"]

[Event "Titled Tuesday Blitz August 17 2021"]
[White "Abdurakhmonov, Mukhammadali"]
[Black "Nozdrachev, Leonid"]
[WhiteFideId "14207346"]
[BlackFideId "24113433"]
[WhiteElo "2266"]
[BlackElo "2240"]
[Result "1-0"]
[Round "04"]
[TimeControl "180+1"]
[Date "2021.08.17"]
[WhiteClock "0:00:08"]
[BlackClock "0:00:09"]

1. e4 d6 2. d4 Nf6 3. Nc3 e5 4. Nf3 Nbd7 5. Bc4 Be7 6. O-O O-O 7. Re1 c6 8. a4 Qc7 9. Ba2 Re8 10. h3 h6 11. Be3 Nf8 12. Nh4 Nxe4 13. Qh5 Ng5 14. dxe5 dxe5 15. Ne4 Nfe6 16. Bxe6 Nxe6 17. Nf5 Ng5 18. Nxe7+ Qxe7 19. Bxg5 hxg5 20. Nxg5 Bf5 21. c3 f6 22. Nf3 Bc2 23. Rac1 Bh7 24. Nh4 Qf7 25. Qg4 Rad8 26. Rcd1 Bc2 27. Rc1 Bd3 28. Rcd1 c5 29. Rd2 c4 30. Red1 e4 31. Nf5 Kf8 32. Qh4 Qg6 33. Ne3 Qf7 34. Qf4 Kg8 35. Qg3 a6 36. Nf5 Kf8 37. Nd6 Qe6 38. Nxe8 Rxe8 39. Qe3 Qe7 40. Re1 Kg8 41. f3 f5 42. fxe4 fxe4 43. Rf2 Rf8 44. Rxf8+ Qxf8 45. Rd1 Qf5 46. Rd2 Qg6 47. Rf2 Kh7 48. Qc5 Qh6 49. Qf5+ Qg6 50. Qe5 Qh6 51. Rf5 e3 52. Rh5 e2 53. Rxh6+ Kxh6 54. Kf2 g6 55. Ke1 Kh7 56. Qc7+ Kh6 57. Qxb7 Kg5 58. Qxa6 Kf4 59. Qxg6 Ke3 60. Qg3+ Ke4 61. Qf3+ Ke5 62. a5 Kd6 63. a6 Kc7 64. Qb7+ 1-0


[Site "https://www.chess.com"]

[Event "Titled Tuesday Blitz August 17 2021"]
[White "Adury, Anant"]
[Black "Maevsky, Nikolay"]
[WhiteFideId "30964687"]
[BlackFideId "4198220"]
[WhiteElo "2304"]
[BlackElo "2213"]
[Result "1/2-1/2"]
[Round "04"]
[TimeControl "180+1"]
[Date "2021.08.18"]
[WhiteClock "0:00:52"]
[BlackClock "0:00:08"]

1. d4 d5 2. Nc3 Nc6 3. Nf3 Bf5 4. Bf4 e6 5. Nb5 Rc8 6. c3 a6 7. Na3 Bxa3 8. bxa3 Nf6 9. e3 O-O 10. Bd3 Bxd3 11. Qxd3 Na5 12. Nd2 c5 13. O-O Nd7 14. e4 cxd4 15. cxd4 dxe4 16. Nxe4 Nc5 17. Nxc5 Rxc5 18. Bd2 Rd5 19. Bxa5 Qxa5 20. Rfd1 Rfd8 21. Rab1 b5 22. Rbc1 g6 23. g3 Qa4 24. Qb3 Qxb3 25. axb3 Rxd4 26. Rxd4 Rxd4 27. Rc6 Rd3 28. Rxa6 Rxb3 29. Rb6 h5 30. h4 Kg7 31. Kf1 Kf6 32. Ke2 Kf5 33. Kd2 e5 34. Ke2 f6 35. Kf1 g5 36. hxg5 fxg5 37. Kg2 Rb2 38. a4 b4 39. a5 e4 40. Kg1 Kg4 41. a6 Kh3 42. Kf1 h4 43. gxh4 gxh4 44. a7 Ra2 45. Rxb4 Ra1+ 46. Ke2 Rxa7 47. Rxe4 Rh7 48. Kf1 Kh2 49. f4 h3 50. Re2+ Kg3 51. Kg1 Ra7 52. Re1 Rf7 53. Ra1 Rxf4 54. Ra3+ Kg4 55. Ra1 Rf3 56. Kh2 Rf2+ 57. Kh1 Kg3 58. Ra3+ Kg4 59. Ra1 Rf4 60. Ra3 Kh4 61. Ra1 Rf3 62. Rb1 Rg3 63. Rc1 Rg4 64. Rb1 Kg3 65. Ra1 Rf4 66. Re1 Rf3 67. Rd1 Rf2 68. Rc1 Kf3 69. Rc3+ Kg4 70. Rc1 Rf3 71. Rd1 Rg3 72. Rd4+ Kf3 73. Rd3+ Kf2 74. Rxg3 Kxg3 75. Kg1 h2+ 76. Kh1 Kf3 77. Kxh2 1/2-1/2


[Site "https://www.chess.com"]

[Event "Titled Tuesday Blitz August 17 2021"]
[White "Agibileg, Uurtsaikh"]
[Black "Kezin, Roman"]
[WhiteFideId "4901606"]
[BlackFideId "24124621"]
[WhiteElo "2150"]
[BlackElo "2570"]
[Result "1/2-1/2"]
[Round "04"]
[TimeControl "180+1"]
[Date "2021.08.17"]
[WhiteClock "0:00:07"]
[BlackClock "0:00:08"]

1. d4 d5 2. c4 e6 3. Nc3 c6 4. Nf3 Nf6 5. Bg5 dxc4 6. e4 b5 7. e5 h6 8. Bh4 g5 9. Nxg5 hxg5 10. Bxg5 Nbd7 11. g3 Rg8 12. h4 Rxg5 13. hxg5 Nd5 14. g6 fxg6 15. Qg4 Qe7 16. Qxg6+ Qf7 17. Qxf7+ Kxf7 18. Ne4 Be7 19. Be2 c5 20. O-O-O cxd4 21. Rxd4 Nxe5 22. f4 Nc6 23. Rdd1 Bb7 24. Rh7+ Ke8 25. Bg4 Nd8 26. f5 exf5 27. Bxf5 a5 28. Re1 Kf8 29. Reh1 Nf6 30. Rh8+ Kg7 31. R8h4 Nxe4 32. Rg4+ Ng5 33. Re1 Bf6 34. a4 Nf7 35. axb5 c3 36. bxc3 Bxc3 37. Re7 Bd5 38. Rd7 Bf3 39. Rxg5+ Kf6 40. Rg6+ Kxf5 41. Ra6 Rb8 42. Rxf7+ Ke4 43. Rf4+ Ke3 44. Re6+ Kf2 45. Kc2 Bb4 46. Ref6 Rxb5 47. Rxf3+ Kg2 48. g4 Rc5+ 49. Kb3 Rg5 50. R3f4 Kg3 51. Rc4 Rxg4 52. Rc1 Re4 53. Rg1+ Kh2 54. Rg8 Re3+ 55. Ka4 Rg3 56. Rf2+ Kg1 57. Rxg3+ Kxf2 58. Rb3 Ke2 59. Rxb4 axb4 60. Kxb4 1/2-1/2


[Site "https://www.chess.com"]